[Event "Late-Titled-Tuesday-Blitz-April-30-2024"]
[Site "Chess.com"]
[Date "2024.04.30"]
[Round "8"]
[White "PapaieDudu"]
[Black "Shiner22"]
[Result "1-0"]
[WhiteElo "2384"]
[BlackElo "2289"]
[TimeControl "180+1"]
[EndTime "15:24:32 PDT"]
[Termination "PapaieDudu won by resignation"]

1. Nf3 Nf6 2. d4 b5 3. a4 b4 4. c4 e6 5. Nbd2 a5 6. b3 c5 7.
Bb2 Nc6 8. e3 cxd4 9. exd4 d5 10. Bd3 Bd6 11. O-O O-O 12. c5 Bc7 13. Re1 Ba6 14.
Bb5 Ne7 15. Qe2 Qb8 16. Bxa6 Ng6 17. g3 h5 18. Bd3 Ne7 19. Ne5 g6 20. f4 Qd8 21. Ndf3 Kg7 22. h3 Nh7 23. Rad1 f6 24.
Nxg6 Nxg6 25. Bxg6 Kxg6 26. Nh4+ Kg7 27. Qxh5 Qe8 28. Qg4+ Kh6 29. Rxe6 1-0

[Event "Late-Titled-Tuesday-Blitz-April-30-2024"]
[Site "Chess.com"]
[Date "2024.04.30"]
[Round "8"]
[White "jefferyx"]
[Black "BogdanDeac"]
[Result "1/2-1/2"]
[WhiteElo "3115"]
[BlackElo "3085"]
[TimeControl "180+1"]
[EndTime "15:24:35 PDT"]
[Termination "Game drawn by agreement"]

1. e4 e5 2. Nf3 Nc6 3. Nc3 Nf6 4.
d4 exd4 5. Nxd4 Bb4 6. Nxc6 bxc6 7. Bd3 O-O 8. O-O d5 9. exd5 Bg4 10. f3 Bh5 11. dxc6 Qd4+ 12. Kh1 Bxc3 13. bxc3 Qxc3 14. Rb1 Bg6 15. Rb3 Qxc6 16. Bb2 Rfd8 17. Qa1 Rab8 18. Rc1 Qe6 19. Bxf6 Qxf6 20. Qxf6 gxf6 21. Kg1 Rxb3 22. axb3 Bxd3 23. cxd3 Rxd3 24. Rxc7 Rxb3 25. Rxa7 Kg7 26. Ra2 f5 27. Kf2 f6 28. g3 Kg6 29. Re2 h5 30. Kg2 Rb4 31. Rd2 h4 32. f4 hxg3 33. hxg3 Rb3 1/2-1/2

[Event "Late-Titled-Tuesday-Blitz-April-30-2024"]
[Site "Chess.com"]
[Date "2024.04.30"]
[Round "8"]
[White "bascheyaro"]
[Black "ozates"]
[Result "1-0"]
[WhiteElo "2851"]
[BlackElo "2617"]
[TimeControl "180+1"]
[EndTime "15:24:40 PDT"]
[Termination "bascheyaro won by resignation"]

1. d4 Nf6 2. Nf3 d5 3. c4 c6 4. Nc3 e6 5. Bg5 Nbd7 6. e3 Qa5 7. Bxf6 Nxf6 8. Qb3 b6 9. Rc1 Ba6 10. Ne5 Rc8 11. cxd5 cxd5 12. Bxa6 Qxa6 13. Kd2 Bd6 14. Qb5+ Qxb5 15. Nxb5 Bb4+ 16. Ke2 Rxc1 17. Rxc1 O-O 18. Nxa7 Ra8 19. Rc8+ Rxc8 20. Nxc8 b5 21. Na7 1-0

[Event "Late-Titled-Tuesday-Blitz-April-30-2024"]
[Site "Chess.com"]
[Date "2024.04.30"]
[Round "8"]
[White "Arystanner"]
[Black "Statham_01"]
[Result "0-1"]
[WhiteElo "2835"]
[BlackElo "2633"]
[TimeControl "180+1"]
[EndTime "15:24:53 PDT"]
[Termination "Statham_01 won by resignation"]

1. d4 d5 2. c4 Nc6 3. Nf3 Bg4 4. e3 e5 5. cxd5 Qxd5 6. Nc3 Bb4 7. Bd2 Bxc3 8. bxc3 e4 9. h3 exf3 10. c4 Qe4 11.
hxg4 fxg2 12. Bxg2 Qxg2 13. Rf1 Nf6 14. Rb1 O-O 15. Qc2 Rfe8 16. Bc3 Rxe3+ 17. Kd2 Rf3 18. Rbe1 Rxf2+ 19. Rxf2 Qxf2+ 20. Re2 Qf4+ 21. Kd1 Nxd4 0-1

[Event "Late-Titled-Tuesday-Blitz-April-30-2024"]
[Site "Chess.com"]
[Date "2024.04.30"]
[Round "8"]
[White "Slovineanu"]
[Black "Carlitus2004"]
[Result "1-0"]
[WhiteElo "2470"]
[BlackElo "2476"]
[TimeControl "180+1"]
[EndTime "15:24:58 PDT"]
[Termination "Slovineanu won by resignation"]

1. d4 d6 2. e4 Nf6 3. Nc3 g6 4.
Nf3 Bg7 5. Be3 O-O 6. Qd2 a6 7.
Bh6 b5 8. h4 b4 9. Nd5 Nxe4 10.
Qe3 Bxh6 11. Qxh6 f6 12. Bd3 Bf5 13. g4 Nxf2 14. gxf5 Nxd3+ 15. cxd3 e6 16. fxg6 1-0

[Event "Late-Titled-Tuesday-Blitz-April-30-2024"]
[Site "Chess.com"]
[Date "2024.04.30"]
[Round "8"]
[White "tolimachess"]
[Black "LuciaMalanRamos"]
[Result "1-0"]
[WhiteElo "2420"]
[BlackElo "2123"]
[TimeControl "180+1"]
[EndTime "15:25:05 PDT"]
[Termination "tolimachess won by resignation"]

1. e4 c5 2. Nc3 Nf6 3. g3 e6 4. Bg2 Nc6 5. Nge2 d5 6. O-O Be7 7. d3 O-O 8. exd5 exd5 9. Nf4 d4 10. Ncd5 Bd6 11. Re1 Bxf4 12. Nxf6+ Qxf6 13. Bxf4 Be6 14. Qh5 Qf5 15. Qxf5 Bxf5 16. Bd6 Rfe8 17. Bxc5 Rxe1+ 18. Rxe1 a6 19. Be4 Re8 20. f3 Bh3 21. Bxh7+ Kxh7 22. Rxe8 Be6 23. a3 Bd7 24. Re4 Be6 25. Bxd4 Nxd4 26. Rxd4 g6 27. Rd6 Kg7 28. c4 Bf5 29. d4 Bd3 30. b3 Bc2 31. b4 Bb3 32. c5 Be6 33. d5 Bf5 34. g4 Bd3 35. Rb6 Be2 36. Kf2 Bc4 37. d6 Bd5 38. d7 1-0

[Event "Late-Titled-Tuesday-Blitz-April-30-2024"]
[Site "Chess.com"]
[Date "2024.04.30"]
[Round "8"]
[White "Big_Finky"]
[Black "StelaSfw"]
[Result "1-0"]
[WhiteElo "2247"]
[BlackElo "1689"]
[TimeControl "180+1"]
[EndTime "15:25:07 PDT"]
[Termination "Big_Finky won by resignation"]

1. d4 Nf6 2. h4 e6 3. a4 d5 4. h5 Nbd7 5. a5 c5 6. e3 cxd4 7. exd4 b6 8. a6 Bd6 9. Nc3 h6 10. Nf3 Qc7 11. Nb5 Qb8 12. Bd3 Be7 13. g3 e5 14.
dxe5 Nxe5 15. Bf4 Nxd3+ 16. Qxd3 1-0

[Event "Late-Titled-Tuesday-Blitz-April-30-2024"]
[Site "Chess.com"]
[Date "2024.04.30"]
[Round "8"]
[White "zano2023"]
[Black "1g60-1"]
[Result "1-0"]
[WhiteElo "2174"]
[BlackElo "2416"]
[TimeControl "180+1"]
[EndTime "15:25:15 PDT"]
[Termination "zano2023 won by checkmate"]

1. d4 e6 2. Nf3 f5 3. Nbd2 Nf6 4. e3 Be7 5. Bd3 O-O 6. O-O d5 7. c4 c6 8. b3 Ne4 9. Bb2 a5 10. a3 Nd7 11. Ne5 Nxe5 12. dxe5 Bd7 13. f3 Nxd2 14.
Qxd2 a4 15. b4 dxc4 16. Bxc4 Qc7 17. Rad1 Rad8 18. Qc2 c5 19. b5 Qb6 20. Qxa4 f4 21.
e4 h6 22. Qb3 Kh7 23. a4 Bc8 24. Bc3 Rxd1 25. Rxd1 Rd8 26. Rxd8 Qxd8 27. h3 Bh4 28. a5 Bg3 29. Kf1 g5 30. Ke2 h5 31. Bxe6 g4 32.
hxg4 hxg4 33. Bxc8 gxf3+ 34. gxf3 Qxc8 35. Qf7+ Kh6 36. e6 Qd8 37. Bf6 Qxa5 38. Qg7+ Kh5 39. Qg5# 1-0

[Event "Late-Titled-Tuesday-Blitz-April-30-2024"]
[Site "Chess.com"]
[Date "2024.04.30"]
[Round "8"]
[White "toninhojit"]
[Black "rikchessmx"]
[Result "0-1"]
[WhiteElo "2550"]
[BlackElo "2277"]
[TimeControl "180+1"]
[EndTime "15:25:27 PDT"]
[Termination "rikchessmx won by resignation"]

1. e4 e5 2. Nf3 Nc6 3. Bb5 a6 4. Ba4 Nf6 5. O-O Be7 6. Re1 b5 7. Bb3 O-O 8. c3 d5 9. d4 dxe4 10. Nxe5 Nxe5 11. dxe5 Qxd1 12. Rxd1 Ng4 13. Bf4 Bc5 14.
Bg3 e3 15. h3 Nxf2 16. Bxf2 exf2+ 17. Kf1 Bf5 18. Na3 Rad8 19. Rxd8 Rxd8 20. Bc2 Bxc2 21.
Nxc2 Rd2 22. Rc1 Kf8 23. b4 Bb6 24. a4 bxa4 25. c4 a5 26. bxa5 Bxa5 27. Ne3 a3 28.
Rc2 Rxc2 29. Nxc2 a2 30. Kxf2 Bc3 31. Kf3 Bxe5 32. Ke4 a1=Q 33. Nxa1 Bxa1 0-1

[Event "Late-Titled-Tuesday-Blitz-April-30-2024"]
[Site "Chess.com"]
[Date "2024.04.30"]
[Round "8"]
[White "2346PL"]
[Black "Crazy_girl99"]
[Result "0-1"]
[WhiteElo "2487"]
[BlackElo "2659"]
[TimeControl "180+1"]
[EndTime "15:25:32 PDT"]
[Termination "Crazy_girl99 won by resignation"]

1. d4 Nf6 2. Bg5 Ne4 3. Bf4 d5 4.
e3 e6 5. Nf3 Bd6 6. Nbd2 Bxf4 7. exf4 O-O 8. Bd3 Nf6 9. O-O Nbd7 10. Ne5 c5 11. Nxd7 Bxd7 12. dxc5 Qc7 13. b4 Qxf4 14. g3 Qxb4 15. Rb1 Qxc5 16. Rxb7 Bc6 17. Rb1 e5 18. c4 Rad8 19. Nb3 Qd6 20. c5 Qe6 21. f4 d4 22. Nd2 Qd5 23. Qf3 e4 24.
Nxe4 Nxe4 25. Bxe4 Qxe4 26. Qxe4 Bxe4 27. Rb4 f5 28.
Kf2 d3 29. Ke3 d2 30. Rd1 Rfe8 31. Rxd2 Bc6+ 0-1

[Event "Late-Titled-Tuesday-Blitz-April-30-2024"]
[Site "Chess.com"]
[Date "2024.04.30"]
[Round "8"]
[White "laskakid"]
[Black "Mugiwara2b"]
[Result "0-1"]
[WhiteElo "2397"]
[BlackElo "2594"]
[TimeControl "180+1"]
[EndTime "15:25:52 PDT"]
[Termination "Mugiwara2b won by resignation"]

1. e4 c5 2. Nf3 d6 3. g3 Nc6 4.
Bg2 g6 5. O-O Bg7 6. d3 Rb8 7.
Re1 Nf6 8. c3 O-O 9. d4 cxd4 10.
cxd4 Bg4 11. h3 Bxf3 12. Bxf3 e5 13. d5 Nd4 14. Bg2 Nd7 15. Nc3 f5 16. Be3 b5 17. Rc1 b4 18. Ne2 Nxe2+ 19. Rxe2 f4 20. Bxa7 Ra8 21. Be3 fxe3 22. Rxe3 Nc5 23. a3 Qb6 24.
Qd2 Bh6 25. axb4 Nb3 26. Qc3 Nxc1 27. Rf3 Ne2+ 0-1

[Event "Late-Titled-Tuesday-Blitz-April-30-2024"]
[Site "Chess.com"]
[Date "2024.04.30"]
[Round "8"]
[White "lamomiajunior"]
[Black "ural58"]
[Result "1-0"]
[WhiteElo "2738"]
[BlackElo "2543"]
[TimeControl "180+1"]
[EndTime "15:26:01 PDT"]
[Termination "lamomiajunior won on time"]

1. d4 d5 2. Nc3 Nf6 3. Bf4 a6 4. e3 Bf5 5. Nf3 e6 6. Ne5 Nbd7 7. g4 Bg6 8. h4 h5 9. Nxg6 fxg6 10. g5 Ne4 11.
Nxe4 dxe4 12. Bg2 Bd6 13. Bxe4 Bxf4 14. Bxg6+ Ke7 15. exf4 c5 16. Qe2 cxd4 17. O-O-O Qa5 18. Rhe1 Nf8 19. Kb1 Rd8 20. f5 Rd6 21. Bxh5 Qxf5 22. Bg4 Qd5 23. Bf3 Qb5 24. Qxb5 axb5 25. h5 b6 26. Re4 Rd5 27. Rexd4 Rxg5 28. a3 Rf5 29. R1d3 Rh6 30. Rg4 Kf7 31. Rg2 Rhf6 32. Rg3 e5 33. Bd5+ Ke8 34. Rxg7 Rxf2 35. Bc6+ Rxc6 36.
Rb7 1-0

[Event "Late-Titled-Tuesday-Blitz-April-30-2024"]
[Site "Chess.com"]
[Date "2024.04.30"]
[Round "8"]
[White "balack95"]
[Black "BeautiFullMindChess"]
[Result "1-0"]
[WhiteElo "2498"]
[BlackElo "2251"]
[TimeControl "180+1"]
[EndTime "15:26:03 PDT"]
[Termination "balack95 won by checkmate"]

1. Nf3 d5 2. b3 Bg4 3. Bb2 Bxf3 4. exf3 e6 5. Be2 Nf6 6. O-O Be7 7. d4 O-O 8. Nd2 g6 9. f4 h5 10. Bf3 c6 11. g3 Nbd7 12. Re1 a5 13. a3 h4 14. Kg2 hxg3 15. hxg3 Kg7 16. c4 Rh8 17.
Qe2 Qb6 18. c5 Qa6 19. Qe3 b6 20. b4 Qb7 21. Rec1 axb4 22. axb4 Rxa1 23. Bxa1 b5 24. Bb2 Ra8 25. Rh1 Bd8 26. f5 exf5 27. Qh6+ Kg8 28. Qh8# 1-0

[Event "Late-Titled-Tuesday-Blitz-April-30-2024"]
[Site "Chess.com"]
[Date "2024.04.30"]
[Round "8"]
[White "KorolDimitriy75"]
[Black "EsmeraldasAnderson03"]
[Result "0-1"]
[WhiteElo "2366"]
[BlackElo "2529"]
[TimeControl "180+1"]
[EndTime "15:26:05 PDT"]
[Termination "EsmeraldasAnderson03 won on time"]

1. d4 d5 2. c4 dxc4 3. Nf3 Nf6 4. Nc3 a6 5. e4 b5 6. e5 Nd5 7. a4 Nxc3 8. bxc3 c6 9. Ba3 Bb7 10. Be2 e6 11. Bxf8 Kxf8 12. O-O Nd7 13. Rb1 Nb6 14. axb5 cxb5 15. Qd2 Qe7 16. Ng5 g6 17. f4 Kg7 18.
Bf3 h6 19. Ne4 Bxe4 20. Bxe4 Ra7 21. Rf3 Nd5 22. g4 b4 23. f5 gxf5 24. gxf5 Qg5+ 25. Rg3 Rg8 26. Rxg5+ hxg5 27. Bxd5 exd5 28. Rxb4 f6 29.
e6 a5 30. Ra4 Rb8 0-1

[Event "Late-Titled-Tuesday-Blitz-April-30-2024"]
[Site "Chess.com"]
[Date "2024.04.30"]
[Round "8"]
[White "Akhayan"]
[Black "canary2016"]
[Result "0-1"]
[WhiteElo "2465"]
[BlackElo "2275"]
[TimeControl "180+1"]
[EndTime "15:26:06 PDT"]
[Termination "canary2016 won by resignation"]

1. e4 c5 2. Nf3 d6 3. d4 cxd4 4. Nxd4 Nf6 5. Nc3 a6 6. Bc4 e6 7. Bb3 b5 8. O-O Be7 9. f4 Bb7 10. e5 dxe5 11. fxe5 Bc5 12. Be3 Nc6 13. exf6 Bxd4 14.
fxg7 Bxe3+ 15. Kh1 Rg8 16. Bxe6 Qxd1 17. Bxf7+ Ke7 18.
Raxd1 Rxg7 19. Nd5+ Kf8 20. Bh5+ Kg8 21. Nxe3 Ne5 22.
Bf3 Nxf3 23. gxf3 Rf8 24. Nd5 Rf5 25. Nc3 Rxf3 26. Rd8+ Rf8+ 0-1

[Event "Late-Titled-Tuesday-Blitz-April-30-2024"]
[Site "Chess.com"]
[Date "2024.04.30"]
[Round "8"]
[White "Zhigalko_Sergei"]
[Black "h4parah5"]
[Result "0-1"]
[WhiteElo "2880"]
[BlackElo "3033"]
[TimeControl "180+1"]
[EndTime "15:26:14 PDT"]
[Termination "h4parah5 won on time"]

1. e4 e6 2. d4 d5 3. e5 c5 4. c3 Nc6 5. Nf3 Qb6 6. a3 Bd7 7. b4 cxd4 8. cxd4 Rc8 9. Bb2 Na5 10. Nbd2 Nc4 11. Nxc4 dxc4 12. Rc1 Qa6 13. d5 exd5 14.
Qxd5 Ne7 15. Qd2 Be6 16. Nd4 b5 17. Be2 g6 18. O-O h5 19. a4 Bh6 20. f4 bxa4 21.
Nxe6 Qxe6 22. Qd4 Nf5 23. Qxa7 O-O 24. Qxa4 Qb6+ 25. Kh1 Ra8 26. Qc2 Ne3 27. Qe4 Nxf1 28. Rxf1 Ra2 29. Bd4 Rxe2 30. Qd5 Rd2 31. Bxb6 Rxd5 32.
g3 Rb8 33. Bc5 Bf8 0-1

[Event "Late-Titled-Tuesday-Blitz-April-30-2024"]
[Site "Chess.com"]
[Date "2024.04.30"]
[Round "8"]
[White "vugarrasulov"]
[Black "ChristopherYoo"]
[Result "0-1"]
[WhiteElo "2962"]
[BlackElo "3031"]
[TimeControl "180+1"]
[EndTime "15:26:32 PDT"]
[Termination "ChristopherYoo won by resignation"]

1. d4 Nf6 2. c4 e6 3. Nc3 Bb4 4. Nf3 d5 5. Bg5 dxc4 6. g3 O-O 7.
Bg2 h6 8. Bxf6 Qxf6 9. O-O Nc6 10. a3 Bxc3 11. bxc3 e5 12. d5 Na5 13. Nd2 Bd7 14. Rb1 Qe7 15. Rb4 Rad8 16. Nxc4 Nxc4 17.
Rxc4 c6 18. Rb4 cxd5 19. Rxb7 Qxa3 20. Qa1 Qd6 21. Rd1 Be6 22. Rxa7 Qc5 23. Ra5 Qc4 24. e3 e4 25. Rd4 Qc7 26. h4 Rc8 27. c4 dxc4 28.
Bxe4 c3 29. Bc2 Qb7 30. Qd1 Bh3 31. f3 Qc7 32. Kh2 Qxa5 33. Qd3 Bf5 0-1

[Event "Late-Titled-Tuesday-Blitz-April-30-2024"]
[Site "Chess.com"]
[Date "2024.04.30"]
[Round "8"]
[White "Hirna2005"]
[Black "miaou33"]
[Result "0-1"]
[WhiteElo "2362"]
[BlackElo "2535"]
[TimeControl "180+1"]
[EndTime "15:26:34 PDT"]
[Termination "miaou33 won by resignation"]

1. e4 c5 2. c3 b6 3. d4 Bb7 4. Bd3 Nf6 5. Qe2 cxd4 6. cxd4 Nc6 7. Nc3 Nxd4 8. Qe3 e5 9. Nge2 Bc5 10. Qg3 Nxe2 11.
Kxe2 O-O 12. Rd1 Qe7 13. Kf1 Qe6 14. h3 a6 15. Bg5 b5 16. Rac1 Rac8 17. a3 h6 18. Bxh6 Nh5 19. Qg5 Qxh6 20. Qxh6 gxh6 21. Ne2 Nf4 22. Nxf4 exf4 23. Bb1 Bd4 24. Rxc8 Rxc8 25. Ba2 Be5 26. Rxd7 Rc7 27. Bxf7+ Kg7 28. Rxc7 Bxc7 29. Be6 Bxe4 30. f3 Bd3+ 31. Ke1 Be5 32. b3 Bc3+ 33. Kf2 Kf6 34. Bg8 a5 35. a4 bxa4 36. bxa4 Bc2 0-1

[Event "Late-Titled-Tuesday-Blitz-April-30-2024"]
[Site "Chess.com"]
[Date "2024.04.30"]
[Round "8"]
[White "egnfanclub"]
[Black "yuki_chess123"]
[Result "1-0"]
[WhiteElo "2362"]
[BlackElo "2122"]
[TimeControl "180+1"]
[EndTime "15:26:36 PDT"]
[Termination "egnfanclub won by resignation"]

1. e4 g6 2. Nc3 Bg7 3. f4 c6 4. Nf3 d5 5. e5 Nh6 6. d4 f6 7.
Be2 Bg4 8. O-O O-O 9. h3 Bxf3 10. Bxf3 fxe5 11. fxe5 Nf5 12. Ne2 Qb6 13. Kh2 Nxd4 14. Nxd4 Bxe5+ 15. Kh1 Qxd4 16. Qe1 Bf6 17. Bh6 Rd8 18.
Qe6+ Kh8 19. c3 Qe5 20. Qf7 Nd7 21. Rae1 Qg3 22. Rxe7 1-0

[Event "Late-Titled-Tuesday-Blitz-April-30-2024"]
[Site "Chess.com"]
[Date "2024.04.30"]
[Round "8"]
[White "pirulillo"]
[Black "Hilary46"]
[Result "0-1"]
[WhiteElo "2338"]
[BlackElo "2724"]
[TimeControl "180+1"]
[EndTime "15:26:45 PDT"]
[Termination "Hilary46 won on time"]

1. e4 e5 2. Bc4 Nf6 3. Nc3 Nxe4 4.
Nf3 Nc6 5. O-O Nxc3 6. dxc3 f6 7. Re1 d6 8. b4 Qe7 9. a4 Be6 10. Bxe6 Qxe6 11. b5 Ne7 12. a5 a6 13. bxa6 Rxa6 14.
Rb1 Qd5 15. Qe2 Rxa5 16. c4 Qc6 17. Bd2 Ra6 18. Nh4 g6 19. f4 Bg7 20. f5 O-O 21.
fxg6 hxg6 22. Qg4 f5 23. Qg3 Qxc4 24. Bg5 Bf6 25. Bxf6 Rxf6 26. Qg5 Kg7 27. Rxb7 Ra2 28. Nf3 Rxc2 29. h4 Qg4 0-1

[Event "Late-Titled-Tuesday-Blitz-April-30-2024"]
[Site "Chess.com"]
[Date "2024.04.30"]
[Round "8"]
[White "Adar_07"]
[Black "baki83"]
[Result "1-0"]
[WhiteElo "2731"]
[BlackElo "2887"]
[TimeControl "180+1"]
[EndTime "15:26:55 PDT"]
[Termination "Adar_07 won by resignation"]

1. e4 c5 2. Nf3 d6 3. d4 cxd4 4. Nxd4 Nf6 5. Nc3 Nc6 6. Bg5 e6 7. Qd2 a6 8. O-O-O Bd7 9. f4 Be7 10. Kb1 b6 11. Nxc6 Bxc6 12. Bxf6 gxf6 13. f5 b5 14.
fxe6 fxe6 15. Be2 h5 16. Bf3 Qb6 17. Ne2 Qc5 18. Nd4 Bd7 19. e5 O-O-O 20. exf6 Bxf6 21. Nb3 Qe5 22. c3 d5 23. Rhe1 Qd6 24. Qf2 Be7 25.
Qa7 Rh7 26. Na5 Qb8 27. Qxa6+ Kc7 28. Rxe6 Qa8 29. Qb6+ Kc8 30. Bxd5 Bxe6 31. Bxe6+ 1-0

[Event "Late-Titled-Tuesday-Blitz-April-30-2024"]
[Site "Chess.com"]
[Date "2024.04.30"]
[Round "8"]
[White "lupta_robin"]
[Black "Goryachkina"]
[Result "1/2-1/2"]
[WhiteElo "2610"]
[BlackElo "2706"]
[TimeControl "180+1"]
[EndTime "15:26:56 PDT"]
[Termination "Game drawn by repetition"]

1. b3 d5 2. Bb2 Bf5 3. Nf3 e6 4. e3 Nf6 5. c4 c6 6. Nc3 Nbd7 7. d4 h6 8. Bd3 Bxd3 9. Qxd3 Be7 10.
O-O O-O 11. e4 dxe4 12. Nxe4 Nxe4 13. Qxe4 Bf6 14. Rfd1 Qc7 15. Ne5 Nxe5 16. dxe5 Be7 17. Rd3 Rfd8 18. Rad1 Rxd3 19. Rxd3 Rd8 20. h3 a6 21. Bc3 Rxd3 22. Qxd3 Qd8 23. Qxd8+ Bxd8 24. g4 g6 25. f4 h5 26. Kg2 hxg4 27. hxg4 Kf8 28. Kf3 Ke7 29. Ke4 Kd7 30. f5 exf5+ 31. gxf5 gxf5+ 32. Kxf5 Be7 33. Bd2 Bd8 34. Bg5 Bxg5 35.
Kxg5 Ke6 36. Kf4 f6 37. exf6 Kxf6 38. Ke4 Ke6 39. c5 Kf6 40. Kf4 Ke6 41. Ke4 Kf6 42.
Kf4 Ke6 43. Ke4 1/2-1/2

[Event "Late-Titled-Tuesday-Blitz-April-30-2024"]
[Site "Chess.com"]
[Date "2024.04.30"]
[Round "8"]
[White "Atanejhad"]
[Black "Iuckyducky"]
[Result "1-0"]
[WhiteElo "2447"]
[BlackElo "2234"]
[TimeControl "180+1"]
[EndTime "15:26:57 PDT"]
[Termination "Atanejhad won on time"]

1. e4 c5 2. Nf3 e6 3. c3 Nf6 4. Bd3 Nc6 5. Bc2 d5 6. exd5 exd5 7. d4 cxd4 8. Nxd4 Bc5 9. Nxc6 bxc6 10. O-O O-O 11.
Bg5 h6 12. Bh4 Qd6 13. Nd2 Bg4 14. Nf3 Rab8 15. b4 Bb6 16. Bg3 Qd7 17. Bxb8 Rxb8 18. Ne5 Bxd1 19. Nxd7 Nxd7 20. Raxd1 Ne5 21. Rfe1 Ng4 22.
Re2 Kf8 23. h3 Nf6 24. a4 a5 25. g4 axb4 26. cxb4 Bc7 27. Rb1 Nd7 28. Bf5 Nb6 29.
a5 Nc4 30. a6 Ra8 31. b5 cxb5 32. Rxb5 Rxa6 33. Rxd5 g6 34. Bd3 Ra1+ 35. Kg2 Ne5 36. Rexe5 Bxe5 37. Rxe5 Ra3 38. Rd5 Kg7 39. Rd7 Rc3 40.
Be4 Kf8 41. Bd5 1-0

[Event "Late-Titled-Tuesday-Blitz-April-30-2024"]
[Site "Chess.com"]
[Date "2024.04.30"]
[Round "8"]
[White "Slovak_fighter2000"]
[Black "rhungaski"]
[Result "1-0"]
[WhiteElo "2474"]
[BlackElo "2553"]
[TimeControl "180+1"]
[EndTime "15:26:59 PDT"]
[Termination "Slovak_fighter2000 won by resignation"]

1. c4 g6 2. Nc3 Bg7 3. Nf3 d6 4.
d4 c5 5. d5 Bxc3+ 6. bxc3 f5 7. h4 Nf6 8. h5 Nxh5 9. Rxh5 gxh5 10. e4 Qa5 11. Bd2 Nd7 12. Ng5 Nf6 13. Be2 Ng4 14. Qc2 h6 15. Nh3 Bd7 16. Nf4 O-O-O 17. Ng6 Rhe8 18. exf5 b5 19. cxb5 c4 20. Bxc4 Kb8 21. Be2 Nf6 22. c4 Qa3 23. Rb1 Rc8 24. Bb4 1-0

[Event "Late-Titled-Tuesday-Blitz-April-30-2024"]
[Site "Chess.com"]
[Date "2024.04.30"]
[Round "8"]
[White "Shankland"]
[Black "DanielNaroditsky"]
[Result "1-0"]
[WhiteElo "2973"]
[BlackElo "3032"]
[TimeControl "180+1"]
[EndTime "15:27:00 PDT"]
[Termination "Shankland won by resignation"]

1. d4 Nf6 2. c4 g6 3. Nc3 Bg7 4. e4 d6 5. Nf3 O-O 6. Be2 Na6 7. O-O e5 8. Be3 Qe7 9. Bg5 exd4 10. Nd5 Qd8 11.
Nxd4 Nc5 12. f3 c6 13. Nxf6+ Bxf6 14. Bxf6 Qxf6 15. Qd2 Rd8 16. Rad1 d5 17. exd5 cxd5 18. b4 Ne6 19. c5 Nf4 20. Rfe1 Bd7 21. Bf1 Ba4 22.
Rc1 a6 23. g3 Ne6 24. Nxe6 fxe6 25. f4 Bc6 26. Bh3 d4 27. Re5 d3 28. Rce1 Kh8 29. Bxe6 a5 30. bxa5 Rd4 31. Bb3 Rad8 32. a6 Ra8 33.
Re6 Qd8 34. Qc3 Rxa6 35. Re8+ Bxe8 36. Rxe8+ 1-0

[Event "Late-Titled-Tuesday-Blitz-April-30-2024"]
[Site "Chess.com"]
[Date "2024.04.30"]
[Round "8"]
[White "slidingknight2775"]
[Black "artin10862"]
[Result "0-1"]
[WhiteElo "2628"]
[BlackElo "2860"]
[TimeControl "180+1"]
[EndTime "15:27:03 PDT"]
[Termination "artin10862 won by resignation"]

1. c4 e5 2. Nc3 Bb4 3. Qb3 Nc6 4. Nf3 a5 5. a3 Bc5 6. e3 d6 7. Be2 Nf6 8. Qc2 O-O 9. O-O Re8 10. d3 Bf5 11. Nh4 Be6 12. Nf3 Bf5 13. Nh4 Be6 14. Nf3 h6 15. b3 Bf5 16. Bb2 Ne7 17.
Qd2 c6 18. d4 exd4 19. Nxd4 Bg6 20. Rad1 Qc7 21. h3 Rad8 22. Qc1 Ba7 23. Bf3 d5 24. cxd5 Bb8 25. g3 Nexd5 26. Ndb5 Qb6 27. Nxd5 Nxd5 28. Nc3 Nf6 29. Rxd8 Rxd8 30. Na4 Qxb3 31. Nc5 Qb6 32. Bd4 Qc7 33. Bxf6 gxf6 34. Qc4 Ba7 35. Ne4 Qe5 36. Rb1 f5 37. Nc3 Bxe3 38. Rxb7 Qxg3+ 39. Kh1 Qxf3+ 0-1

[Event "Late-Titled-Tuesday-Blitz-April-30-2024"]
[Site "Chess.com"]
[Date "2024.04.30"]
[Round "8"]
[White "GolfBeforeChess"]
[Black "dosto07"]
[Result "1-0"]
[WhiteElo "2347"]
[BlackElo "2494"]
[TimeControl "180+1"]
[EndTime "15:27:04 PDT"]
[Termination "GolfBeforeChess won by resignation"]

1. Nf3 d5 2. b3 Nf6 3. Bb2 Bg4 4. g3 Nbd7 5. Bg2 e6 6. d3 Bd6 7.
Nbd2 O-O 8. O-O a5 9. a3 c6 10. c4 Qe7 11. Qc2 Rfe8 12. Rfe1 e5 13. cxd5 cxd5 14. e4 Rac8 15. Qb1 dxe4 16. dxe4 Nc5 17. b4 Na4 18. bxa5 Rc5 19. Rc1 Rxa5 20. Nc4 Ra6 21.
Nxd6 Qxd6 22. Bxe5 Rxe5 23. Nxe5 Qxe5 24. Qxb7 Re6 25.
Qa8+ Re8 26. Qxa4 h5 27. Qc6 h4 28. a4 hxg3 29. hxg3 Bd7 30. Qc7 Qh5 31. a5 Rc8 32.
Qd6 Rxc1+ 33. Rxc1 Bb5 34. e5 Ng4 35. Qb8+ Kh7 36. Qxb5 Qh2+ 37. Kf1 Qh6 38. Qd3+ g6 39. Rc7 Kg7 40. e6 Qg5 41. e7 Qe5 42. Qc3 Qxc3 43. Rxc3 Nf6 44. Rc8 1-0

[Event "Late-Titled-Tuesday-Blitz-April-30-2024"]
[Site "Chess.com"]
[Date "2024.04.30"]
[Round "8"]
[White "kleinebeer98"]
[Black "Njal28"]
[Result "0-1"]
[WhiteElo "2919"]
[BlackElo "3090"]
[TimeControl "180+1"]
[EndTime "15:27:05 PDT"]
[Termination "Njal28 won by resignation"]

1. e4 Nc6 2. Nf3 d6 3. d4 Nf6 4. Nc3 g6 5. Bg5 Bg7 6. Qd2 h6 7. Bf4 g5 8. Be3 Ng4 9. O-O-O O-O 10. Kb1 a6 11. h4 Nxe3 12. fxe3 g4 13. Nh2 h5 14.
Bd3 e5 15. d5 Ne7 16. Nf1 f5 17. Ng3 f4 18. Nxh5 Bh6 19. exf4 Qe8 20. Ng3 exf4 21. Nf5 Nxf5 22. exf5 Bxf5 23. Rde1 Qh5 24. Bxf5 Rxf5 25. Re6 Raf8 26. Rhe1 Bg7 27. Re7 R5f7 28. R7e4 Qxh4 29.
a3 Qh2 30. Qd1 f3 31. gxf3 gxf3 32. Rh1 Qg2 33. Rg1 Qh3 34. Rh1 Qf5 35. Reh4 f2 36.
Qf1 Re7 37. Ka2 Re1 38. Qg2 Rxh1 0-1

[Event "Late-Titled-Tuesday-Blitz-April-30-2024"]
[Site "Chess.com"]
[Date "2024.04.30"]
[Round "8"]
[White "rezamahdavi2008"]
[Black "only_strong_moves"]
[Result "1-0"]
[WhiteElo "2916"]
[BlackElo "2729"]
[TimeControl "180+1"]
[EndTime "15:27:05 PDT"]
[Termination "rezamahdavi2008 won by resignation"]

1. Nf3 Nf6 2. c4 e6 3. g3 d5 4.
Bg2 Be7 5. O-O O-O 6. b3 c5 7. cxd5 exd5 8. d4 b6 9. Bb2 Bb7 10. dxc5 bxc5 11. Nc3 Nbd7 12. Nh4 Nb6 13. Nf5 Re8 14.
a4 Bf8 15. a5 Nc8 16. Qd2 g6 17. Qg5 Ne4 18. Nxe4 dxe4 19. Nh6+ Bxh6 20. Qxh6 f6 21. Rfd1 Qe7 22. a6 Bc6 23. Rd2 Nd6 24. Rad1 Nf5 25. Qf4 Rab8 26. g4 Nd4 27. e3 Nf3+ 28. Bxf3 exf3 29.
Bxf6 Qf7 30. g5 Rxb3 31. h4 Rb4 32. Qg3 Qe6 33. Rd6 Rg4 34. Rxe6 Rxg3+ 35. fxg3 Rxe6 36. Kf2 c4 37. Rd4 c3 38. Rc4 Bd7 39. Rc7 Rc6 40.
Rxd7 c2 41. Bb2 c1=Q 42. Bxc1 Rxc1 43. Rxa7 1-0